 Dungeon Crawl Stone Soup version 0.30-a0-782-ge64f9170bb (webtiles) character file.

Game seed: 5122024295335065842

517 Leeroy the Changer (level 7, -3/43 HPs)
             Began as an Octopode Transmuter on Feb 22, 2023.
             Was an Initiate of Wu Jian.
             Slain by an orc wizard
             ... wielding a +0 dagger
              (5 damage)
             ... on level 4 of the Dungeon.
             The game lasted 00:03:18 (3180 turns).

Leeroy the Changer (Octopode Transmuter)            Turns: 3180, Time: 00:03:18

Health: -3/43      AC:  1    Str: 11    XL:     7   Next: 20%
Magic:  10/10      EV: 16    Int: 15    God:    Wu Jian [......]
Gold:   230        SH:  0    Dex: 19    Spells: 6/10 levels left

rFire   . . .      SeeInvis .      - Unarmed
rCold   . . .      Faith    .    (no shield)
rNeg    . . .      Spirit   .    (helmet restricted)
rPois   .          Reflect  .    (no amulet)
rElec   .          Harm     .    b - +6 ring of dexterity
rCorr   .          Rampage  .    e - ring of willpower
Will    +....                    (no ring)
Stlth   +++                      (no ring)
HPRegen 0.27/turn                (no ring)
MPRegen 0.12/turn                (no ring)
                                 (no ring)
                                 (no ring)

@: no status effects
A: almost no armour, amphibious, 8 rings, camouflage 1, gelatinous body 1,
(nimble swimmer 1), tentacles
a: Renounce Religion


You were on level 4 of the Dungeon.
You worshipped Wu Jian.
Wu Jian was noncommittal.
You visited 2 branches of the dungeon, and saw 5 of its levels.

You collected 230 gold pieces.

Inventory:

Jewellery
 b - a +6 ring of dexterity (left tentacle)
 e - a ring of willpower (right tentacle)
Scrolls
 d - 4 scrolls of teleportation {unknown}
 h - a scroll of silence {unknown}
 i - a scroll of poison {unknown}
 j - 3 scrolls of identify {unknown}
 k - a scroll of torment {unknown}
 n - 2 scrolls of fog {unknown}
 o - 2 scrolls of fear {unknown}
 p - a scroll of enchant weapon {unknown}
 q - a scroll of vulnerability {unknown}
Potions
 a - a potion of lignification
 c - 2 potions of heal wounds {unknown}
 f - a potion of mutation {unknown}
 g - 2 potions of flight {unknown}
 l - a potion of curing {unknown}
 m - a potion of berserk rage {unknown}
 r - 2 potions of ambrosia {unknown}


   Skills:
 - Level 1.0 Fighting
 - Level 5.2 Dodging
 - Level 3.0 Unarmed Combat
 - Level 2.0 Spellcasting
 + Level 5.8 Transmutations


You had 6 spell levels left.
You knew the following spells:

 Your Spells              Type           Power      Damage    Failure   Level
a - Beastly Appendage     Tmut           38%        N/A       1%          1
b - Spider Form           Tmut/Pois      10%        N/A       21%         3

Your spell library contained the following spells:

 Spells                   Type           Power      Damage    Failure   Level
 Wereblood                Tmut           19%        N/A       3%          2
 Passwall                 Tmut/Erth      8%         N/A       10%         2
 Sandblast                Erth           2%         2d4       22%         1
 Stone Arrow              Conj/Erth      2%         3d7       54%         3
 Ice Form                 Ice/Tmut       10%        N/A       54%         4


Dungeon Overview and Level Annotations

Branches:
Dungeon (4/15)             Temple (1/1) D:4

Altars:
Ashenzari
Dithmenos
Elyvilon
Gozag
Hepliaklqana
Kikubaaqudgha
Qazlal
Ru
Sif Muna
Trog
Uskayaw
Wu Jian
Zin
The Shining One


Innate Abilities, Weirdness & Mutations

You cannot wear most types of armour.
You are amphibious.
You can wear up to eight rings at the same time.
Your skin changes colour to match your surroundings (Stealth+).
Your rubbery body absorbs attacks. (AC +1, EV +1)
((You are camouflaged when in or above water. (Stealth+)))
You have tentacles for arms and can constrict up to eight enemies at once.


Message History

The Council accepts your kill. The orc barely misses you.
Something completely misses you. Something closely misses you.
You barely miss the orc. Your grab misses the orc. You squeeze the orc.
The orc is heavily wounded.
You closely miss something.
Your tentacle-slap misses something.
You barely miss something. Something barely misses you.
You barely miss something. You squeeze something. Something hits you.
You completely miss something. Your squeeze misses something.
Something hits you.
You tentacle-slap something.
You lunge at the orc.
You tentacle-slap the orc but do no damage.
Your grab misses the orc. You squeeze the orc, but do no damage.
The orc is heavily wounded.
The orc barely misses you. Something hits you.
You tentacle-slap the orc but do no damage.
You grab the orc.
The orc is heavily wounded.
You constrict the orc, but do no damage.
The orc hits you with a +0 flail!
* * * LOW HITPOINT WARNING * * *
Something hits you.
* * * LOW HITPOINT WARNING * * *
You tentacle-slap the orc but do no damage.
The orc is heavily wounded.
You constrict the orc, but do no damage.
The orc barely misses you. Something hits you.
* * * LOW HITPOINT WARNING * * *
You barely miss something. Your squeeze misses something.
You constrict the orc.
You kill the orc!
The Council accepts your kill. Something hits you.
* * * LOW HITPOINT WARNING * * *
You miss something. You squeeze something. Something hits you.
* * * LOW HITPOINT WARNING * * *
Okay, then.
You tentacle-slap something. Something hits you.
You die...

#..............###..
#...............##..
#.............#.....
#.......†....###....
#...........# ##...
#..........## #....
#..##......# #....
#{.#####..## #....
##@## #### #....
#))# ###.. #.....#
### #.......# #
#......... ##
#...?....# ##.
........## ...
.?....(## ...
#.......# ...


There were no monsters in sight!

Vanquished Creatures
  2 scorpions (D:4)
  A hound (D:4)
  A jelly (D:4)
  4 orc priests
  2 orc wizards
  A gnoll (D:1)
  6 adders
  4 dart slugs
  16 orcs
  3 bats
  5 endoplasms
  2 giant cockroaches
  4 goblins
  10 hobgoblins
  5 jackals (D:1)
  A quokka (D:1)
  3 ball pythons (D:1)
  5 frilled lizards
  9 kobolds
  8 rats
92 creatures vanquished.

Vanquished Creatures (others)
  A plant (D:3)
1 creature vanquished.

Grand Total: 93 creatures vanquished

Notes
Turn   | Place    | Note
-------+----------+-------------------------------------------
     0 | D:1      | Leeroy the Octopode Transmuter began the quest for the Orb.
     0 | D:1      | Reached XP level 1. HP: 13/13 MP: 3/3
    28 | D:1      | Reached XP level 2. HP: 5/18 MP: 5/5
   246 | D:1      | Reached XP level 3. HP: 23/23 MP: 6/6
  1156 | D:2      | Learned a level 3 spell: Spider Form
  1258 | D:2      | Reached XP level 4. HP: 28/28 MP: 7/7
  1663 | D:3      | Found a stormy altar of Qazlal.
  2096 | D:3      | Reached XP level 5. HP: 25/33 MP: 8/8
  2316 | D:3      | Found an ancient bone altar of Kikubaaqudgha.
  2478 | D:3      | Reached skill level 5 in Dodging
  2601 | D:4      | Reached XP level 6. HP: 31/38 MP: 9/9
  2783 | D:4      | Found a staircase to the Ecumenical Temple.
  2807 | Temple   | Entered the Ecumenical Temple
  2860 | Temple   | Became a worshipper of the Wu Jian Council
  2951 | D:4      | Reached skill level 5 in Transmutations
  2964 | D:4      | Reached XP level 7. HP: 27/43 MP: 10/10
  3179 | D:4      | HP: 1/43 [something (4)]
  3180 | D:4      | Slain by an orc wizard

Illustrated notes

Levels and vault maps discovered:
D:1:      amcnicky_arrival_double_pillar, layout_basic
D:2:      layout_loops_ring
D:3:      layout_rooms, lemuel_tele_altar, mainiacjoe_overflow_chevrons,
          saegor_snake_ambush
D:4:      layout_cave_pods, makhleb_heckhound_becter,
          minmay_temple_entry_water_ring, chequers_serial_rivers_small_3
Temple:   nicolae_temple_bog_church

Skill      XL: |  1  2  3  4  5  6 |
---------------+-------------------+-----
Transmutations | 3 5 |  5.8
Dodging        | 3 4 5 |  5.2
Fighting       | |  1.0
Unarmed Combat | |  3.0
Spellcasting   | |  2.0

Action                     |  1- 3 |  4- 6 |  7- 9 || total
---------------------------+-------+-------+-------++-------
  Melee: Unarmed           |    78 |   134 |    29 ||   241
         Punch             |     4 |     5 |     2 ||    11
         Constrict         |    25 |    37 |     4 ||    66
         Tentacles         |    19 |    30 |    10 ||    59
   Cast: Spider Form       |       |       |     1 ||     1
Ability: Lunge             |       |     1 |     1 ||     2
    Use: Potion            |       |     1 |       ||     1
   Stab: Sleeping          |     9 |     6 |       ||    15
 Armour: Skin              |     6 |    12 |       ||    18
  Dodge: Dodged            |    42 |    80 |    15 ||   137

Table legend: (Time is in decaauts)
 A = Elapsed time spent in this place.
 B = Non-inter-level travel time spent in this place.
 C = Inter-level travel time spent in this place.
 D = Time resting spent in this place.
 E = Time spent auto-exploring this place.
 F = Levels seen in this place.
 G = Mean time per level.
                   A        B        C        D        E       F      G
               +--------+--------+--------+--------+--------+-----+--------+
         Total |   3166 |   3087 |     79 |    310 |   2155 |   5 |  633.2 |
       Dungeon |   3099 |   3046 |     53 |    310 |   2123 |   4 |  774.8 |
        Temple |     66 |     40 |     26 |      0 |     32 |   1 |   66.0 |
               +--------+--------+--------+--------+--------+-----+--------+

Top non-repeatable levels by time:
     D:3: 956 daAuts
     D:1: 891 daAuts
     D:2: 695 daAuts
     D:4: 556 daAuts
  Temple: 66 daAuts
